AoeStats
← xDou

Oasis

509802115Analyzed
2v2 RM · 6d ago on Sep 28, 2026· 70m 23s· 4 players
Game mode
Random Map
Map size
Medium (4 player)
Population
200
Speed
Normal
Resources
Standard
Victory
Conquest
Starting age
Dark Age
Ending age
Imperial Age
RankedLock teamsTeams togetherTeam positionsShared explorationLock speedFull tech treeHidden civsTurbo modeCheats
Victory
Defeat
🇺🇸 Celts · United States
954
+17
🇨🇱 Magyars · Chile
937
+18
🇧🇷 Franks · Brazil
1044
-20
🇧🇷 Khmer · Brazil
918
-15
BenjaB1
0:26 Loom
10:39 Feudal Age
21:16 Castle Age
19:36 Double-Bit Axe
21:01 Fletching
21:19 Scale Barding Armor
22:37 Horse Collar
25:21 Bloodlines
36:51 Imperial Age
34:47 Scale Mail Armor
34:39 Pikeman
37:41 Arson
40:09 Halberdier
54:10 Ballistics
55:23 Chemistry
54:59 Padded Archer Armor
56:06 Leather Archer Armor
58:50 Gold Mining
59:29 Onager
Maj. Payne
2:47 Loom
13:31 Feudal Age
13:57 Double-Bit Axe
13:53 Horse Collar
17:18 Scale Mail Armor
19:52 Castle Age
18:26 Forging
19:22 Stone Mining
20:52 Bow Saw
21:02 Pikeman
24:11 Heavy Plow
30:08 Arson
33:25 Wheelbarrow
33:09 Chain Mail Armor
33:51 Iron Casting
33:08 Gold Mining
33:23 Caravan
32:51 Light Cavalry
34:18 Stone Shaft Mining
38:31 Imperial Age
36:19 Hand Cart
36:44 Town Watch
36:56 Town Watch
37:03 Fletching
37:19 Scale Barding Armor
37:20 Husbandry
38:38 Bodkin Arrow
39:05 Chain Barding Armor
38:36 Capped Ram
39:39 Furor Celtica
39:25 Heavy Scorpion
39:44 Halberdier
41:59 Plate Mail Armor
42:09 Sanctity
41:15 Siege Ram
43:17 Hussar
44:17 Fortified Wall
44:28 Ballistics
44:19 Masonry
44:15 Siege Engineers
46:51 Chemistry
45:46 Onager
47:04 Hoardings
47:14 Gold Shaft Mining
48:22 Blast Furnace
49:08 Town Patrol
49:30 Elite Woad Raider
51:12 Cavalier
53:01 Paladin
53:14 Siege Onager
54:18 Conscription
70:50 Padded Archer Armor
xDou
12:20 Feudal Age
14:40 Loom
18:23 Castle Age
17:52 Double-Bit Axe
22:25 Bow Saw
23:21 Stone Mining
23:22 Gold Mining
25:26 Wheelbarrow
36:05 Pikeman
36:45 Squires
37:49 Scale Mail Armor
38:00 Forging
41:37 Chain Mail Armor
41:57 Iron Casting
48:08 Imperial Age
49:50 Imperial Age
51:08 Elite Skirmisher
53:05 Caravan
56:21 Chemistry
55:55 Ballistics
57:29 Hand Cart
60:12 Padded Archer Armor
60:03 Fletching
63:10 Light Cavalry
64:19 Husbandry
linomiotto
11:58 Feudal Age
14:48 Castle Age
14:02 Horse Collar
14:44 Loom
18:12 Bloodlines
18:58 Double-Bit Axe
22:28 Heavy Plow
24:05 Light Cavalry
25:33 Gold Mining
26:23 Bow Saw
26:51 Forging
27:41 Husbandry
29:06 Iron Casting
28:37 Scale Barding Armor
29:21 Ballistics
34:20 Imperial Age
32:26 Wheelbarrow
33:49 Hand Cart
35:12 Gold Shaft Mining
35:35 Double Crossbow
35:48 Heavy Scorpion
35:57 Hussar
38:30 Caravan
39:28 Conscription
41:56 Chemistry
56:05 Blast Furnace
55:26 Chain Barding Armor
61:21 Crop Rotation
60:54 Scale Mail Armor
61:30 Plate Barding Armor
63:24 Pikeman
65:04 Chain Mail Armor
65:33 Pikeman
65:58 Pikeman
66:44 Halberdier
Connection lost

Rejoining the realm…

Still unreachable

The connection could not be restored.

Session expired

The server has moved on; the page needs a fresh start.